 Dungeon Crawl Stone Soup version 0.28.0-53-g5a82cb258f (webtiles) character file.

Game seed: 4405224419967321051

2630 Stomo the Fighter (level 9, -5/82 HPs)
             Began as a White Draconian Monk on July 13, 2022.
             Was a Believer of the Shining One.
             Slain by a killer bee (6 damage)
             ... on level 7 of the Dungeon.
             The game lasted 00:17:13 (9541 turns).

Stomo the Fighter (White Draconian Monk)            Turns: 9541, Time: 00:17:16

Health: -5/82      AC:  8    Str: 17    XL:     9   Next: 35%
Magic:  10/12      EV: 15    Int: 10    God:    the Shining One [**....]
Gold:   426        SH:  6    Dex: 15    Spells: 10/12 levels left

rFire   + . .      SeeInvis .   i - +0 mace (holy)
rCold   + + .      Faith    .   (no shield)
rNeg    + . .      Spirit   .   (armour unavailable)
rPois   .          Reflect  .   (helmet restricted)
rElec   .          Harm     .   n - scarf {rC+ rF+}
rCorr   .          Rampage  .   (no gloves)
Will    .....                   m - +0 pair of boots
Stlth   +.........              (no amulet)
HPRegen 0.23/turn               b - +4 ring of slaying
MPRegen 0.13/turn               (no ring)

@: mighty, lethally poisoned (-5 -> -21), divinely shielded, attractive, on
blink cooldown, flying, very slightly contaminated, glowing
A: breathe frost, AC +7, unfitting armour, cold resistance 1, cold-blooded
a: Breathe Frost, Renounce Religion, Divine Shield


You were on level 7 of the Dungeon.
You worshipped the Shining One.
The Shining One was pleased with you.
You visited 2 branches of the dungeon, and saw 8 of its levels.

You collected 426 gold pieces.

Inventory:

Hand Weapons
 a - a +0 vampiric mace
 i - a +0 mace of holy wrath (weapon)
 t - a +0 flail
Missiles
 h - 2 throwing nets
Armour
 m - a +0 pair of boots (worn)
 n - a scarf of resistance (worn)
 o - a +0 cloak
Jewellery
 b - a +4 ring of slaying (left hand)
 r - a ring of positive energy
Wands
 u - a wand of flame (15)
 v - a wand of acid (2)
 w - a wand of polymorph (6)
Scrolls
 k - 4 scrolls of vulnerability
 p - 2 scrolls of identify
Potions
 d - 2 potions of mutation {unknown}
 g - a potion of curing
 j - a potion of magic {unknown}
 l - a potion of heal wounds {unknown}
 q - 3 potions of degeneration


   Skills:
 * Level 8.6 Fighting
 * Level 7.6 Maces & Flails
 * Level 7.0 Dodging
 - Level 1.7 Stealth
 - Level 2.0 Spellcasting
 - Level 2.0 Translocations


You had 10 spell levels left.
You knew the following spells:

 Your Spells              Type           Power      Damage    Failure   Level
a - Blink                 Tloc           10%        N/A       21%         2

Your spell library contained the following spells:

 Spells                   Type           Power      Damage    Failure   Level
 Gell's Gravitas          Tloc           5%         N/A       38%         3
 Lesser Beckoning         Tloc           5%         N/A       38%         3
 Teleport Other           Tloc           5%         N/A       38%         3
 Portal Projectile        Hex/Tloc       6%         N/A       52%         3
 Stone Arrow              Conj/Erth      2%         3d7       67%         3


Dungeon Overview and Level Annotations

Branches:
Dungeon (7/15)             Temple (1/1) D:4

Altars:
Cheibriados
Dithmenos
Elyvilon
Fedhas
Gozag
Kikubaaqudgha
Makhleb
Nemelex Xobeh
Okawaru
Qazlal
Ru
Sif Muna
Trog
Uskayaw
Vehumet
Wu Jian
Xom
Zin
The Shining One

Shops:
D:2 ?   D:4 **

Annotations:
D:3 1 runed translucent door, WANAX's ghost, amateur HOFi
D:7 Harold


Innate Abilities, Weirdness & Mutations

You can breathe waves of freezing cold which knock back foes.
Your icy white scales are hard. (AC +7)
You cannot fit into any form of body armour.
Your flesh is cold resistant. (rC+)
You are cold-blooded and may be slowed by cold attacks.


Message History

* * * LOW HITPOINT WARNING * * *
The killer bee stings you but does no damage.
You block the killer bee's attack. The killer bee closely misses you.
It was a potion of attraction.
You feel attractive to monsters. The killer bee barely misses you.
The killer bee stings you but does no damage.
The killer bee barely misses you. You block the killer bee's attack.
It was a potion of ambrosia.
You are confused.
You feel invigorated. The killer bee closely misses you.
The killer bee barely misses you. The killer bee closely misses you.
The killer bee misses you.
Okay, then.
You bump into the rock wall.
You have got your breath back.
The killer bee stings you.
* * * LOW HITPOINT WARNING * * *
You are poisoned.
The killer bee poisons you! The killer bee closely misses you.
The killer bee stings you.
* * * LOW HITPOINT WARNING * * *
You are lethally poisoned!
The killer bee poisons you! The killer bee closely misses you.
You bump into the rock wall.
You feel less invigorated.
You feel less confused.
* * * LOW HITPOINT WARNING * * *
You feel very sick.
The killer bee stings you but does no damage.
The killer bee barely misses you. The killer bee stings you!
* * * LOW HITPOINT WARNING * * *
You are more poisoned.
The killer bee poisons you! The killer bee barely misses you.
Casting: Blink (safe; 21% risk of failure)
Press: ? - help, Q - select action, (/) - cycle Dir - look around, f - activate You blink.
* * * LOW HITPOINT WARNING * * *
You feel very sick. The killer bee completely misses you.
The killer bee stings you.
You die...

#.....y#..............##
###....'...............##
##...#......y@.y.y....##
##################.y..#
##...#
##############....#
###@...............##
#y'y..............##.
#.#y@............###.
..#####.################
#. ............## #.
.########<...## #.
###...## #. ##...## #.
##...## ##. ##...## #..
##...## ##..


You could see Harold and 3 killer bees.

Vanquished Creatures
  Sigmund (D:2)
  Duvessa (D:6)
  An ice beast (D:6)
  2 sky beasts (D:5)
  A black bear (D:6)
  A necrophage (D:5)
  3 ogres
  2 scorpions
  3 bullfrogs
  A gnoll sergeant (D:5)
  A water moccasin zombie (D:6)
  Dowan (D:6)
  A killer bee (D:7)
  A howler monkey (D:4)
  5 hounds
  An orc priest (D:4)
  2 gnoll shamans
  Crazy Yiuf (D:2)
  A centaur skeleton (D:6)
  A bullfrog skeleton (D:5)
  2 iguanas
  4 orc wizards (D:6)
  A killer bee zombie (D:4)
  2 hound skeletons (D:4)
  A howler monkey zombie (D:5)
  Robin (D:2)
  30 gnolls
  10 adders
  A white imp (D:5)
  A worm (D:5)
  4 dart slugs
  25 orcs
  3 ball pythons
  5 bats
  8 endoplasms
  5 giant cockroaches
  22 goblins
  6 hobgoblins
  12 jackals (D:4)
  4 quokkas
  4 frilled lizards
  8 kobolds
  5 rats
  A spectral kobold (D:1)
196 creatures vanquished.

Vanquished Creatures (others)
  A quokka (D:5)
  A fungus (D:4)
  2 plants (D:4)
  2 withered plants (D:3)
6 creatures vanquished.

Grand Total: 202 creatures vanquished

Notes
Turn   | Place    | Note
-------+----------+-------------------------------------------
     0 | D:1      | Stomo the Draconian Monk began the quest for the Orb.
     0 | D:1      | Reached XP level 1. HP: 19/19 MP: 1/1
   103 | D:1      | Reached XP level 2. HP: 23/26 MP: 2/2
   129 | D:1      | Found a faded altar of an unknown god.
   503 | D:1      | Got the Reference Book on the Traveller and the Rocks
   779 | D:2      | Reached XP level 3. HP: 33/33 MP: 3/3
   989 | D:2      | Reached skill level 4 in Fighting
  1077 | D:2      | Noticed Robin
  1096 | D:2      | Killed Robin
  1097 | D:2      | Reached XP level 4. HP: 22/40 MP: 4/4
  1111 | D:2      | Learned a level 2 spell: Blink
  1543 | D:2      | Noticed Sigmund
  1616 | D:2      | Killed Sigmund
  1617 | D:2      | Reached skill level 1 in Spellcasting
  1617 | D:2      | Reached skill level 1 in Translocations
  1617 | D:2      | Reached XP level 5. HP: 36/47 MP: 4/6
  1790 | D:2      | Found Cualiur's Magic Scroll Boutique.
  1897 | D:2      | Found a runed translucent door.
  1898 | D:2      | Noticed Crazy Yiuf
  2280 | D:2      | Killed Crazy Yiuf
  2281 | D:2      | Reached XP level 6. HP: 37/55 MP: 2/7
  2432 | D:3      | Reached skill level 5 in Fighting
  2497 | D:3      | Found a runed translucent door.
  2498 | D:3      | Noticed WANAX's ghost (amateur HOFi)
  3066 | D:3      | Found a hide-covered altar of Uskayaw.
  3694 | D:4      | Found Jekkic's Specific Store.
  3696 | D:4      | Found Konkiutru's General Store.
  3856 | D:4      | Your scales start taking on an icy white colour.
  3856 | D:4      | Reached XP level 7. HP: 52/61 MP: 9/9
  3856 | D:4      | Gained mutation: Your flesh is cold resistant. (rC+) [White
                  | Draconian growth]
  4037 | D:4      | Reached skill level 5 in Maces & Flails
  4306 | D:4      | Found a white marble altar of Elyvilon.
  4634 | D:4      | Reached skill level 6 in Fighting
  4927 | D:4      | Reached skill level 5 in Dodging
  5008 | D:4      | Reached XP level 8. HP: 49/71 MP: 11/11
  5457 | D:4      | Found a staircase to the Ecumenical Temple.
  5727 | Temple   | Entered the Ecumenical Temple
  5802 | Temple   | Became a worshipper of the Shining One
  5802 | Temple   | Reached * piety under the Shining One
  5802 | Temple   | Reached ** piety under the Shining One
  5915 | D:5      | Entered Level 5 of the Dungeon
  5925 | D:5      | HP: 3/71 [gnoll/+0 halberd (5)]
  6403 | D:5      | Reached skill level 7 in Fighting
  7455 | D:6      | Found a blossoming altar of Fedhas.
  7605 | D:6      | Reached skill level 8 in Fighting
  7605 | D:6      | Reached XP level 9. HP: 71/81 MP: 12/12
  8177 | D:6      | Found a shimmering altar of Xom.
  8307 | D:6      | Noticed Duvessa
  8307 | D:6      | Noticed Dowan
  8756 | D:6      | Killed Duvessa
  8761 | D:6      | Killed Dowan
  9484 | D:7      | Noticed Harold
  9541 | D:7      | HP: 1/82 [poisoned by a killer bee]
  9541 | D:7      | Slain by a killer bee

Illustrated notes

Levels and vault maps discovered:
D:1:      ebering_trefoil_3fold, layout_loops_ring,
          dreamdust_ecumenical_altar_drowned_temple
D:2:      layout_basic, serial_shops, shop, minmay_split_cup_large, uniq_robin,
          uniq_sigmund, uniq_crazy_yiuf_cottage
D:3:      layout_basic, nicolae_uskayaw_murder_on_the_dancefloor,
          gammafunk_ghost_grave
D:4:      lemuel_castle_with_subvaults [lemuel_castle_interior_carwin_3],
          layout_basic, elyvilon_altar_3, minmay_temple_entry_poolview,
          nicolae_specific_store
D:5:      layout_basic, gup_sewer_entry_pipe, minmay_misc_feat_doors
D:6:      layout_loops_ring, mainiacjoe_overflow_24_doors,
          amcnicky_altar_gilded, serial_co_window_serial, co_window_paths_a,
          co_window_cross_1, co_window_paths_a, co_window_of_opportunity_a,
          co_window_of_opportunity_a, co_window_paths_b,
          co_window_of_opportunity_a, co_window_unsneaky_path_a,
          co_window_corner_b, co_window_2corner, co_window_unsneaky_path_b,
          co_window_unsneaky_path_b, co_window_corner_ca, co_window_corner_b,
          kennysheep_generic_room_10, uniq_duvessa
D:7:      layout_cave_pods, ashenzari_conservatory_becter,
          mainiacjoe_overflow_small_starburst, nrook_uturn,
          minmay_quadrilaterals, uniq_harold
Temple:   eino_wide_crystal_templ

Skill      XL: |  1  2  3  4  5  6  7  8  9 |
---------------+----------------------------+-----
Dodging        | 3 4 5 6 7 |  7.0
Fighting       | 4 5 6 8 |  8.6
Maces & Flails | 4 5 7 |  7.6
Spellcasting   | 1 2 |  2.0
Translocations | 1 2 |  2.0
Stealth        | |  1.7

Action                   |  1- 3 |  4- 6 |  7- 9 || total
-------------------------+-------+-------+-------++-------
Melee: Mace              |    81 |   134 |   333 ||   548
       Tailslap          |     5 |    20 |    61 ||    86
       Punch             |     1 |     2 |     9 ||    12
 Cast: Blink             |       |     3 |     3 ||     6
Invok: Divine Shield     |       |       |     1 ||     1
 Abil: Breathe Frost     |       |       |    25 ||    25
  Use: Scroll            |       |       |     9 ||     9
       Potion            |       |       |     5 ||     5
 Stab: Sleeping          |     4 |     6 |     2 ||    12
       Distracted        |       |     1 |       ||     1
Armor: Skin              |    33 |    26 |   112 ||   171
Dodge: Dodged            |    49 |    98 |   316 ||   463
Block: Other             |       |       |     5 ||     5
